← All builds
Air / Cortex / Economy first / OBSERVED BUILD

Standard air

Cortex Air build order · Supreme Isthmus

Economy-first air build: Aircraft Plant then Advanced Metal Extractor and Fusion Reactor, making transports and scouts for allies while transitioning into fighters and occasional bombers over the whole game.

Usually transports first (78%)

#eco #air #team support · 1506 distinct matches · 252 players · 81% of Cortex Air games · team won 46% of 1811 · Recently observed

HOW TO PLAY IT

Key timing: Aircraft Plant by 1:24

  1. Open 3 mex and wind, then drop Aircraft Plant early.
  2. Finish Aircraft Plant and start fighters for scouting and defense.
  3. Eat the Aircraft Plant once production needs outgrow it.
  4. Get Advanced Metal Extractor up to scale eco.
  5. Bring Fusion Reactor online and keep feeding transports, scouts, fighters to allies.

Phase by phase

TYPICAL OF ITS 1506 GAMES
  1. 1
  2. 2
  3. 3
PLAY THE OPENING

Follow the example game's first 6:00 step by step: what to build now, what comes next, and where it goes. At 1× it keeps pace with your own game.

  1. 1

    Up to the Aircraft Plant

    Economy
    • Metal Extractor3Mex
    • Wind Turbine4Wind
    Order
    1. Aircraft PlantAircraft Plant after 3 mex, 4 winddone ~1:26, middle half 1:14–1:35

    Some games also: energy storage (38%)

    By 1:07 in all: 3 mex · 4 wind

    The example game in this phase · 4 steps
    1. Mex ×3
    2. Wind ×6
    3. Energy storage
    4. Aircraft PlantAircraft Plantdone 1:44 · typical 1:26
  2. 2

    Aircraft Plant to 5:00

    Economy
    • Metal Extractor1Mex
    • Wind Turbine9Wind
    • Wind Turbine3Wind
    Builders
    • Construction Turret2 Con turret
    • Construction Aircraft1 Con aircraft
    Army
    • Valiant5 Valiant
    • Hercules2 Light transport for allies
    • Finch2 Finch for allies
    • Finch1 Finch
    • Hephaestus1 Heavy transport for allies

    Some games also: shuriken (49%) · energy storage (45%) · converter (44%) · light transport (40%)

    By 5:00 in all: 3 mex · 1 mex · 13 wind · 3 wind · 1 energy storage · 2 con turret

    The example game in this phase · 26 steps
    1. ShurikenShuriken
    2. Construction AircraftCon aircraft
    3. FinchFinchfor Beach sea
    4. HerculesLight transportfor Beach sea
    5. FinchFinchfor Geo sea
    6. Construction AircraftCon aircraft
    7. Con turret
    8. ValiantValiant ×2
    9. Con turret
    10. ValiantValiant
    11. HerculesLight transportfor Tech
    12. Con turret
    13. ValiantValiant
    14. Mex
    15. Wind ×2
    16. Converter
    17. Wind ×2
    18. Con turret
    19. Converter
    20. Wind ×4
    21. Converter
    22. Wind
    23. Converter
    24. Wind
    25. HerculesLight transport
    26. Wind ×2
  3. 3

    5:00 to 10:00

    Economy
    • Wind Turbine21Wind
    • Wind Turbine5Wind
    • Energy Converter6Converter
    Order
    1. Aircraft PlantEat Aircraft Plant
    2. Aircraft PlantAircraft Plant after 19 wind, 18 wind, 7 converterin 58% of games
    Builders
    • Construction Turret3 Con turret
    Army
    • Valiant9 Valiant

    Some games also: shuriken (47%) · fusion (38%) · con aircraft (35%) · light transport (31%)

    By 10:00 in all: 3 mex · 1 mex · 25 wind · 20 wind · 8 converter · 1 energy storage

    The example game in this phase · 139 steps
    1. Converter
    2. Wind ×5
    3. Converter
    4. Wind ×4
    5. Converter
    6. Wind ×4
    7. Converter
    8. Advanced Metal ExtractorT2 mexdone 6:13 · typical 6:54
    9. Converter
    10. Advanced Metal ExtractorT2 mex
    11. Converter
    12. Aircraft PlantEat Aircraft Plantreclaimed for its metal
    13. Converter ×2
    14. Advanced Metal ExtractorT2 mex ×2
    15. Converter
    16. Bot LabBot Labdone 7:23
    17. Converter
    18. Construction BotCon bot
    19. Converter
    20. Construction BotCon bot ×2
    21. Converter
    22. Construction BotCon bot
    23. Wind
    24. Construction BotCon bot ×2
    25. Converter
    26. Construction BotCon bot
    27. Wind
    28. Converter
    29. Wind ×2
    30. Converter
    31. Wind ×2
    32. Fusion ReactorFusiondone 9:15 · typical 10:53
    33. Wind
    34. Bot LabEat Bot Labreclaimed for its metal
    35. Wind
    36. Converter
    37. Wind ×4
    38. Converter
    39. Wind ×4
    40. Converter
    41. Wind ×4
    42. Converter
    43. Wind ×5
    44. Converter
    45. Wind
    46. Aircraft PlantAircraft Plantdone 9:28
    47. Wind ×3
    48. Converter
    49. Wind
    50. Con turret
    51. Wind
    52. WhirlwindWhirlwind
    53. Wind ×2
    54. ValiantValiant
    55. Wind
    56. ValiantValiant
    57. Wind
    58. ShurikenShuriken
    59. Wind ×2
    60. Converter
    61. ShurikenShuriken ×2
    62. Wind
    63. ShurikenShuriken
    64. Wind
    65. Converter
    66. ShurikenShuriken
    67. Wind ×2
    68. ShurikenShuriken ×2
    69. Converter
    70. Wind
    71. ShurikenShuriken
    72. Wind
    73. ShurikenShuriken
    74. Wind
    75. Construction AircraftCon aircraft
    76. Wind
    77. Converter
    78. Wind
    79. ShurikenShuriken
    80. Converter
    81. Wind
    82. ValiantValiant
    83. Con turret
    84. Wind ×2
    85. Converter
    86. ValiantValiant
    87. Wind
    88. Con turret
    89. Wind
    90. ValiantValiant
    91. Converter
    92. Wind ×2
    93. ValiantValiant
    94. Con turret
    95. Converter
    96. Wind ×2
    97. ValiantValiant
    98. Con turret
    99. Wind ×2
    100. Converter
    101. ValiantValiant
    102. Con turret
    103. Wind
    104. ValiantValiant
    105. Converter
    106. Wind
    107. ValiantValiant
    108. Wind ×2
    109. ValiantValiant
    110. Converter
    111. ValiantValiant
    112. Wind
    113. ValiantValiant
    114. Wind
    115. ValiantValiant
    116. Converter
    117. Wind
    118. ShurikenShuriken
    119. Wind
    120. ShurikenShuriken ×3
    121. Wind
    122. Converter
    123. ShurikenShuriken ×2
    124. Wind
    125. ShurikenShuriken
    126. Wind
    127. ShurikenShuriken
    128. Converter
    129. Wind
    130. ShurikenShuriken ×2
    131. ValiantValiant
    132. Wind
    133. ValiantValiant
    134. Converter
    135. Wind
    136. ValiantValiant
    137. Wind
    138. ValiantValiant
    139. Aircraft PlantEat Aircraft Plantreclaimed for its metal

Counts are medians over the build's games: half of them build more, half fewer. The example game is DonGarillo's (33 OS, 02/10/2026); pick another.

Team trades

IN AT LEAST 30% OF ITS GAMES

You hand over

  • Finch2 Finch to Geo sea or Beach seafirst at 1:50 · in 96% of games
  • Hercules3 Light transport to Tech or Geo sea or Beach seafirst at 2:06 · in 99% of games
  • Hephaestus1 Heavy transport to Beach sea or Pond or Techfirst at 2:23 · in 72% of games

You get

  • Wind Turbine3 Wind from Beach sea or Geo seafirst at 1:37 · in 64% of games
  • Wind Turbine3 Wind from Beach sea or Geo sea or Pondfirst at 1:42 · in 46% of games
  • Construction Bot1 Con bot from Techfirst at 2:23 · in 88% of games
  • Advanced Construction Bot1 T2 con bot from Techfirst at 6:05 · in 96% of games

How it plays out

Typical game of this build, running totals by minute

Metal produced

010k20k30k
0:005:0010:0015:00

metal

Enemy metal destroyed

01k2k
0:005:0010:0015:00

metal

Own metal lost

01k2k3k
0:005:0010:0015:00

metal

1811 games.

Show as table
ByMetal produced: This buildEnemy metal destroyed: This buildOwn metal lost: This build
1:0039200
2:0092300
3:00145600
4:002052051
5:0027635173
6:003707102124
7:005089146167
8:006902190219
9:009284230270
10:0011758292380
11:0014356369536
12:0017069512781
13:00198597811102
14:002270412641689
15:002573618132420
WHAT THE NUMBERS SAY

Standard air play wins less than half its games, with very low combat losses and kills since the role mostly supports rather than fights.

  • + Own metal lost stays very low, only 2701 by 15:00.
  • + Metal production reaches 25740 by 15:00, a strong support economy.
  • − Team wins under half of games (47%).
  • − Enemy metal destroyed stays low at 2097 by 15:00, showing little direct impact.
THE EXAMPLE YOU ARE READING

DonGarillo

33.3 OS · 02/10/2026

Open source match ↗

3 received units · includes a constructor
561 metal received · 72002 energy received

Allied construction assistance is unknown. Timings are observations, not a promise of solo reproducibility.

Typical milestones

Aircraft Plant1:26Middle 50%: 1:14–1:35 · n=1811
Advanced Metal Extractor6:54Middle 50%: 6:27–7:26 · n=1751
Fusion Reactor10:53Middle 50%: 9:45–12:17 · n=1159

Played most by

TheGeneraI114games of this buildDad_The_Speedrunner72games of this buildHunfore62games of this buildDRM52games of this buildMilkdragon52games of this build